 Dungeon Crawl Stone Soup version 0.29-a0-319-gad05b8d819 (webtiles) character file.

Game seed: 8560952528828746937

630 tilp the Basher (level 7, -2/69 HPs)
             Began as a Mayflytaur Delver on Apr 1, 2022.
             Slain by a howler monkey (3 damage)
             ... on level 7 of the Dungeon.
             The game lasted 00:06:54 (1088 turns).

tilp the Basher (Mayflytaur Delver)                 Turns: 1088, Time: 00:06:54

Health: -2/69      AC: 12    Str: 16    XL:     7   Next: 48%
Magic:  8/8        EV:  5    Int: 11    God:
Gold:   74         SH:  0    Dex: 16    Spells: 6/6 levels left

rFire   . . .      SeeInvis .   a - +0 mace
rCold   . . .      Faith    .   (no shield)
rNeg    . . .      Spirit   .   d - +0 plate armour
rPois   .          Reflect  .   (no helmet)
rElec   .          Harm     .   (no cloak)
rCorr   .          Rampage  .   (no gloves)
Will    .....                   j - +1 pair of boots
Stlth   ..........              (no amulet)
HPRegen 0.21/turn               (no ring)
MPRegen 0.22/turn               (no ring)

@: lethally poisoned (-2 -> -2), flying
A: damage resistance, big wings, sense surroundings 1, magic regeneration, short
lifespan
a: no special abilities


You were on level 7 of the Dungeon.
You visited 1 branch of the dungeon, and saw 7 of its levels.
You also visited: Sewer.

You collected 74 gold pieces.

Inventory:

Hand Weapons
 a - a +0 mace (weapon)
Missiles
 f - a curare-tipped dart (quivered)
Armour
 b - a +0 leather armour
 d - a +0 plate armour (worn)
 j - a +1 pair of boots (worn)
Wands
 g - a wand of digging (3)
Scrolls
 c - a scroll of fog
 e - a scroll of fear
 h - a scroll of identify
 i - a scroll of blinking
Potions
 l - a potion of haste


   Skills:
 + Level 6.2 Fighting
 - Level 8.0 Maces & Flails
 + Level 1.4 Armour
 + Level 2.8 Dodging
 - Level 6.0 Stealth


You had 6 spell levels left.
You didn't know any spells.
Your spell library was empty.

Dungeon Overview and Level Annotations

Branches:
Dungeon (7/15)              Sewer (visited)
 Temple: D:4-7

Altars:


Innate Abilities, Weirdness & Mutations

You are resistant to damage.
Your large and strong wings let you fly.
You passively map a small area around you.
You regenerate magic rapidly.
You are easily found by Zot.


Message History

The water moccasin bites you.
* * * LOW HITPOINT WARNING * * *
You are more poisoned.
The water moccasin poisons you!
You hit the water moccasin.
You kill the water moccasin!
* * * LOW HITPOINT WARNING * * *
You feel extremely sick.
The howler monkey hoots and howls with incredible vigour!
You hear a shout!
Your Armour skill increases to level 1!
You sock the howler monkey!
The howler monkey is moderately wounded.
* * * LOW HITPOINT WARNING * * *
You feel extremely sick. The howler monkey barely misses you.
The howler monkey hits you but does no damage.
The howler monkey hoots and howls with incredible vigour!
You hear a shout!
You barely miss the howler monkey.
The howler monkey is moderately wounded.
You feel sick.
The howler monkey hits you but does no damage.
The howler monkey barely misses you.
The howler monkey hits you but does no damage.
Unknown command.
You hit the howler monkey but do no damage.
The howler monkey is moderately wounded.
The howler monkey hits you but does no damage.
The howler monkey closely misses you.
The howler monkey hits you but does no damage. x2
The howler monkey hits you. x2
* * * LOW HITPOINT WARNING * * *
Unknown command.
Unknown command.
You barely miss the howler monkey.
The howler monkey is moderately wounded.
The howler monkey hits you but does no damage.
The howler monkey hits you.
You die...

#.....* * , #.....#
, *
.....##+##+########
#.................
#.................
#.................
#.................
#hh...............
#@h...............
####.......##'####
#.......#....*,
#.......#....# *
#......$######
.#######.,, ### * ,
. , #.. * #.. #..


You could see 3 howler monkeys.

Vanquished Creatures
  A water moccasin (D:7)
  An ice beast (D:6)
  A sky beast (D:6)
  An ogre (D:7)
  A kobold brigand (Sewer)
  A jelly (D:6)
  2 hounds
  5 river rats
  3 adders
  An endoplasm (D:1)
  A giant cockroach (D:6)
  A hobgoblin (D:2)
  6 jackals (Sewer)
  2 quokkas (D:4)
  3 ball pythons
  2 frilled lizards (Sewer)
  3 kobolds (Sewer)
  4 rats
39 creatures vanquished.

Vanquished Creatures (others)
  12 plants (Sewer)
12 creatures vanquished.

Grand Total: 51 creatures vanquished

Notes
Turn   | Place    | Note
-------+----------+-------------------------------------------
     0 | D:5      | tilp the Mayflytaur Delver began the quest for the Orb.
     0 | D:5      | Reached XP level 1. HP: 21/21 MP: 2/2
    55 | D:4      | Reached XP level 2. HP: 9/30 MP: 3/3
   162 | D:6      | Reached skill level 3 in Maces & Flails
   168 | D:6      | Reached skill level 4 in Maces & Flails
   168 | D:6      | Reached XP level 3. HP: 4/36 MP: 4/4
   212 | D:6      | Found a glowing drain.
   364 | Sewer    | Entered a sewer
   384 | Sewer    | Noticed a kobold brigand
   387 | Sewer    | Killed a kobold brigand
   388 | Sewer    | Reached skill level 5 in Maces & Flails
   388 | Sewer    | Reached XP level 4. HP: 35/44 MP: 5/5
   427 | Sewer    | Reached skill level 6 in Maces & Flails
   427 | Sewer    | Reached XP level 5. HP: 32/50 MP: 6/6
   460 | Sewer    | Glimpsed the power of Zot.
   815 | D:6      | Noticed an ice beast
   837 | D:6      | Killed an ice beast
   838 | D:6      | Reached skill level 5 in Fighting
   838 | D:6      | Reached skill level 7 in Maces & Flails
   838 | D:6      | Gained mutation: You regenerate magic rapidly. [Mayflytaur
                  | growth]
   838 | D:6      | Reached XP level 6. HP: 20/61 MP: 7/7
   955 | D:6      | Noticed a sky beast
   983 | D:6      | Killed a sky beast
  1009 | D:7      | Reached skill level 8 in Maces & Flails
  1009 | D:7      | Reached XP level 7. HP: 44/69 MP: 8/8
  1085 | D:7      | Reached skill level 1 in Armour
  1086 | D:7      | HP: 3/69 [poisoned by a water moccasin]
  1087 | D:7      | HP: 1/69 [howler monkey (2)]
  1088 | D:7      | Slain by a howler monkey

Illustrated notes

Levels and vault maps discovered:
D:1:      dpeg_arrival_leaves_temple_mockup, layout_loops_ring
D:2:      layout_basic, shapermc_ecumenical_altar_notcrosses
D:3:      layout_loops_ring, minmay_fractal_squares_5
D:4:      layout_basic, nicolae_shop_gadgets
D:5:      layout_basic
D:6:      layout_loops_ring, gup_sewer_entry_bowl
D:7:      layout_gridville, temple_statues, serial_bayou_pond_a

Skill      XL: |  1  2  3  4  5  6  7 |
---------------+----------------------+-----
Fighting       | 4 5 6 |  6.2
Maces & Flails | 4 5 6 7 8 |  8.0
Armour         | 1 |  1.4
Dodging        | |  2.8
Stealth        | |  6.0

Action                   |  1- 3 |  4- 6 |  7- 9 || total
-------------------------+-------+-------+-------++-------
Melee: Mace              |    47 |   136 |    35 ||   218
       Punch             |       |     2 |       ||     2
Throw: Dart              |       |     2 |       ||     2
       Stone             |       |     1 |       ||     1
Evoke: Wand              |     3 |       |       ||     3
  Use: Scroll            |     1 |     5 |       ||     6
       Potion            |     1 |     1 |     1 ||     3
 Stab: Sleeping          |     1 |       |       ||     1
Armor: Leather armour    |     9 |       |       ||     9
       Plate armour      |     6 |    77 |    54 ||   137
Dodge: Dodged            |    37 |    16 |    16 ||    69

Table legend: (Time is in decaauts)
 A = Elapsed time spent in this place.
 B = Non-inter-level travel time spent in this place.
 C = Inter-level travel time spent in this place.
 D = Time resting spent in this place.
 E = Time spent auto-exploring this place.
 F = Levels seen in this place.
 G = Mean time per level.
                   A        B        C        D        E       F      G
               +--------+--------+--------+--------+--------+-----+--------+
         Total |   1081 |    986 |     95 |    163 |      0 |   8 |  135.1 |
       Dungeon |    667 |    572 |     95 |    163 |      0 |   7 |   95.3 |
         Sewer |    414 |    414 |      0 |      0 |      0 |   1 |  414.0 |
               +--------+--------+--------+--------+--------+-----+--------+

Top non-repeatable levels by time:
   Sewer: 414 daAuts
     D:6: 397 daAuts
     D:4: 100 daAuts
     D:7: 85 daAuts
     D:5: 28 daAuts
     D:3: 26 daAuts
     D:2: 24 daAuts
     D:1: 4 daAuts
